 Dungeon Crawl Stone Soup version 0.29-a0-994-gc5c9f59d18 (webtiles) character file.

Game seed: 2737786437056756233

172 ytrimaz the Chopper (level 5, -1/41 HPs)
             Began as a Formicid Fighter on Aug 3, 2022.
             Succumbed to a kobold's poison
             ... on level 2 of the Dungeon.
             The game lasted 00:03:06 (1492 turns).

ytrimaz the Chopper (Formicid Fighter)              Turns: 1492, Time: 00:03:07

Health: -1/41      AC: 10    Str: 22 (23) XL:     5   Next: 82%
Magic:  5/5        EV: 13    Int:  5 (7)  God:
Gold:   120        SH:  5    Dex: 12 (13) Spells: 4/4 levels left

rFire   . . .      SeeInvis +   a - +1 war axe
rCold   . . .      Faith    .   c - +0 buckler
rNeg    . . .      Spirit   .   b - +0 scale mail
rPois   .          Reflect  .   (helmet unavailable)
rElec   .          Harm     .   (no cloak)
rCorr   +          Rampage  .   d - +0 pair of gloves
Will    .....                   e - +1 pair of boots
Stlth   ..........              (no amulet)
HPRegen 0.13/turn               i - +4 ring of evasion
MPRegen 0.09/turn               k - ring of resist corrosion

@: lethally poisoned (-1 -> -13)
A: permanent stasis, dig shafts and tunnels, antennae 3, four strong arms
a: Dig, Shaft Self


You were on level 2 of the Dungeon.
You visited 1 branch of the dungeon, and saw 2 of its levels.

You collected 120 gold pieces.

Inventory:

Hand Weapons
 a - a +1 war axe (weapon)
Armour
 b - a +0 scale mail (worn)
 c - a +0 buckler (worn)
 d - a +0 pair of gloves (worn)
 e - a +1 pair of boots (worn)
Jewellery
 i - a +4 ring of evasion (left hand)
 j - an amulet of magic regeneration
 k - a ring of resist corrosion (right hand)
Scrolls
 f - a scroll of vulnerability
 h - 2 scrolls of teleportation {unknown}
 l - 2 scrolls of enchant weapon
 m - a scroll of identify
Potions
 g - a potion of degeneration


   Skills:
 - Level 3.2 Fighting
 + Level 5.5 Axes
 - Level 3.2 Armour
 - Level 4.0 Shields


You had 4 spell levels left.
You didn't know any spells.
Your spell library was empty.

Dungeon Overview and Level Annotations

Branches:
Dungeon (2/15)

Altars:


Innate Abilities, Weirdness & Mutations

You cannot be hasted, slowed, berserked, paralysed or teleported.
You can dig through walls and to a lower floor.
You have a pair of large antennae on your head. (SInv)
Your four strong arms can wield two-handed weapons with a shield.


Message History

The kobold barely misses you. The kobold misses you.
The kobold closely misses you. The kobold hits you but does no damage.
You are more poisoned.
You slash the kobold!
You kill the kobold!
You barely miss the kobold. x2; You slash the kobold!
You kill the kobold!
You feel very sick. You block the kobold's attack.
The kobold hits you but does no damage. You block the kobold's attack.
The kobold hits you with a +1 whip of venom.
You are more poisoned.
You slash the kobold!
You kill the kobold!
You barely miss the kobold.
You feel very sick. The kobold hits you but does no damage.
You are lethally poisoned!
You barely miss the kobold.
You feel very sick.
The kobold hits you with a +1 whip of venom.
You are more poisoned.
* * * LOW HITPOINT WARNING * * *
You feel very sick. The kobold barely misses you.
There is an open gate here.
You see here a +0 dagger.
Unknown command.
It was a potion of degeneration.
There was something very wrong with that liquid.
You feel weakened.
You feel dopey.
You feel clumsy.
* * * LOW HITPOINT WARNING * * *
You feel very sick. The kobold barely misses you.
Unknown command.
You slash the kobold!
You kill the kobold!
* * * LOW HITPOINT WARNING * * *
You feel very sick.
You die...

########....##.#.####.###........
.................................
#########..........######.......#
#######....# #.......# { #####
##...######.......# #..$.#
#........).....### { {
#.....##..#...........#
#......'..#....)......#
......))@.#...........#
).....)'..#...........#
......##...######.###.# .....#
###.## #.......# { { ##### #..#
#.......# ##.# #.......# #.#
#.......### ####.###..........
#### #.....##.......###


There were no monsters in sight!

Vanquished Creatures
  Natasha (thrice) (D:2)
  Robin (D:2)
  3 adders (D:2)
  3 dart slugs
  2 bats
  4 endoplasms
  2 giant cockroaches (D:2)
  7 hobgoblins
  A quokka (D:1)
  5 ball pythons
  2 frilled lizards (D:1)
  8 goblins (D:2)
  12 kobolds
  4 rats
57 creatures vanquished.

Vanquished Creatures (others)
  3 fungi (D:2)
  A plant (D:2)
  9 toadstools (D:2)
13 creatures vanquished.

Grand Total: 70 creatures vanquished

Notes
Turn   | Place    | Note
-------+----------+-------------------------------------------
     0 | D:1      | ytrimaz the Formicid Fighter began the quest for the Orb.
     0 | D:1      | Reached XP level 1. HP: 18/18 MP: 1/1
   200 | D:1      | Reached XP level 2. HP: 17/24 MP: 2/2
   357 | D:1      | Reached skill level 3 in Axes
   481 | D:1      | Reached XP level 3. HP: 24/29 MP: 3/3
   890 | D:2      | Noticed Robin
   892 | D:2      | Noticed Natasha
   906 | D:2      | Reached skill level 4 in Axes
   906 | D:2      | Reached XP level 4. HP: 26/35 MP: 4/4
   907 | D:2      | Killed Robin
   921 | D:2      | Killed Natasha
  1197 | D:2      | Noticed Natasha
  1205 | D:2      | Killed Natasha
  1206 | D:2      | Reached skill level 5 in Axes
  1206 | D:2      | Reached XP level 5. HP: 41/41 MP: 5/5
  1303 | D:2      | Noticed Natasha
  1308 | D:2      | Killed Natasha
  1409 | D:2      | Found a faded altar of an unknown god.
  1491 | D:2      | HP: 1/41 [poisoned by a kobold]
  1492 | D:2      | Succumbed to a kobold's poison

Illustrated notes

Levels and vault maps discovered:
D:1:      mrwooster_arrival_statue_2, layout_rooms
D:2:      cheibrodos_fertilizer, layout_basic,
          shapermc_ecumenical_altar_acropolis, st_stairs_10, uniq_robin,
          uniq_natasha, uniq_jessica, uniq_crazy_yiuf_cottage

Skill      XL: |  1  2  3  4 |
---------------+-------------+-----
Axes           | 3 4 5 |  5.5
Fighting       | |  3.2
Armour         | |  3.2
Shields        | |  4.0

Action                   |  1- 3 |  4- 6 || total
-------------------------+-------+-------++-------
Melee: War axe           |    82 |    55 ||   137
  Use: Scroll            |     2 |       ||     2
       Potion            |       |     2 ||     2
Armor: Scale mail        |    50 |    35 ||    85
Dodge: Dodged            |    59 |    29 ||    88
Block: Buckler           |    20 |    12 ||    32

Table legend: (Time is in decaauts)
 A = Elapsed time spent in this place.
 B = Non-inter-level travel time spent in this place.
 C = Inter-level travel time spent in this place.
 D = Time resting spent in this place.
 E = Time spent auto-exploring this place.
 F = Levels seen in this place.
 G = Mean time per level.
                   A        B        C        D        E       F      G
               +--------+--------+--------+--------+--------+-----+--------+
         Total |   1535 |   1507 |     28 |    201 |    879 |   2 |  767.5 |
       Dungeon |   1535 |   1507 |     28 |    201 |    879 |   2 |  767.5 |
               +--------+--------+--------+--------+--------+-----+--------+

Top non-repeatable levels by time:
     D:1: 792 daAuts
     D:2: 743 daAuts
